 Dungeon Crawl Stone Soup version 0.29.1-15-g9cfb28693d (webtiles) character file.

Game seed: 1770720056413140896

5751 Peloso the Carver (level 10, -7/78 (90) HPs)
             Began as a Minotaur Fighter on Apr 21, 2023.
             Was a Believer of Okawaru.
             Killed from afar by an acid dragon (25 damage)
             ... with a splash of acid
             ... on level 9 of the Dungeon.
             The game lasted 00:19:11 (11992 turns).

Peloso the Carver (Minotaur Fighter)               Turns: 11992, Time: 00:19:12

HP:   -7/78 (90)    AC:  0    Str: 23    XL:     10   Next: 49%
MP:   0/9           EV: 13    Int:  5    God:    Okawaru [**....]
Gold: 429           SH:  6    Dex: 12    Spells: 9/9 levels left

rFire   . . .      SeeInvis .   a - +4 falchion
rCold   . . .      Faith    .   c - +1 buckler
rNeg    . . .      Spirit   +   r - +0 chain mail
rPois   .          Reflect  .   (helmet restricted)
rElec   .          Harm     .   (no cloak)
rCorr   .          Rampage  .   (no gloves)
Will    .....                   (no boots)
Stlth   ..........              y - amulet of guardian spirit
HPRegen 0.23/turn               f - +4 ring of evasion
MPRegen 0.11/turn               D - +4 ring of slaying

@: corroded, heavily drained
A: horns 2, retaliatory headbutt
a: Renounce Religion, Heroism


You were on level 9 of the Dungeon.
You worshipped Okawaru.
Okawaru was pleased with you.
You visited 2 branches of the dungeon, and saw 10 of its levels.

You collected 429 gold pieces.

Inventory:

Hand Weapons
 a - a +4 falchion (weapon)
Missiles
 A - a throwing net (quivered)
Armour
 b - a +0 scale mail
 c - a +1 buckler (worn)
 r - a +0 chain mail (worn)
Jewellery
 f - a +4 ring of evasion (left hand)
 k - a ring of fire
 q - a ring of willpower
 t - an amulet of magic regeneration
 y - an amulet of guardian spirit (around neck)
 D - a +4 ring of slaying (right hand)
Wands
 g - a wand of polymorph (7)
 h - a wand of charming (16)
 i - a wand of iceblast (22)
 v - a wand of quicksilver (8)
Scrolls
 m - 2 scrolls of magic mapping {unknown}
 n - 2 scrolls of noise
 o - 3 scrolls of immolation
 p - a scroll of summoning
 x - a scroll of silence
 z - 2 scrolls of enchant weapon
 B - a scroll of fear {unknown}
 C - a scroll of teleportation
Potions
 d - 4 potions of might
 e - 6 potions of curing
 j - a potion of haste
 l - 3 potions of mutation
 s - 3 potions of flight
 u - a potion of resistance
 w - a potion of brilliance {unknown}
 E - a potion of degeneration {unknown}


   Skills:
 + Level 8.8 Fighting
 + Level 11.3 Long Blades
 + Level 10.6 Armour
 + Level 3.9 Dodging
 + Level 1.7 Stealth
 + Level 7.4 Shields
 + Level 0.9 Invocations
 + Level 0.2 Evocations


You had 9 spell levels left.
You didn't know any spells.
Your spell library contained the following spells:

 Spells                   Type           Power      Damage    Failure   Level
 Magic Dart               Conj           0%         1d3       98%         1
 Ensorcelled Hibernation  Hex/Ice        0%         N/A       99%         2
 Searing Ray              Conj           0%         2d4       99%         2
 Sublimation of Blood     Necr           0%         N/A       99%         2
 Wereblood                Tmut           0%         N/A       99%         2
 Portal Projectile        Hex/Tloc       0%         N/A       100%        3
 Spider Form              Tmut/Pois      0%         N/A       100%        3
 Anguish                  Hex/Necr       0%         N/A       100%        4
 Fulminant Prism          Conj/Hex       0%         3d6       100%        4
 Petrify                  Tmut/Erth      0%         N/A       100%        4
 Blade Hands              Tmut           0%         N/A       100%        5
 Irradiate                Conj/Tmut      0%         3d11      100%        5
 Tukima's Dance           Hex            Unusable   N/A       N/A         3
 Summon Hydra             Summ           Unusable   N/A       N/A         7

Dungeon Overview and Level Annotations

Branches:
Dungeon (9/15)             Temple (1/1) D:7
   Lair: D:8-11         Orc: D:9-12

Altars:
Ashenzari
Dithmenos
Elyvilon
Fedhas
Nemelex Xobeh
Okawaru
Qazlal
Ru
Uskayaw
Xom
Zin
The Shining One


Innate Abilities, Weirdness & Mutations

You have a pair of horns on your head.
You reflexively headbutt those who attack you in melee.


Message History

There is an open door here.
An acid dragon comes into view.
The acid dragon roars!
The acid dragon spits acid at you. The splash of acid misses you.
The acid dragon spits acid at you. The splash of acid hits you!
The acid corrodes you! The acid dragon spits acid at you.
The splash of acid hits you!! The acid corrodes you!
You hit the acid dragon.
The acid dragon is lightly wounded.
You block the acid dragon's attack. The acid dragon misses you.
You hit the acid dragon.
The acid dragon is moderately wounded.
The acid dragon bites you but does no damage.
The acid dragon closely misses you.
You closely miss the acid dragon.
The acid dragon is moderately wounded.
The acid dragon barely misses you. The acid dragon claws you.
You slash the acid dragon!
The acid dragon is heavily wounded.
You slash the acid dragon!
The acid dragon is almost dead.
You block the acid dragon's attack.
The acid dragon claws you but does no damage.
You barely miss the acid dragon. Your headbutt misses the acid dragon.
The acid dragon is almost dead.
The acid dragon spits acid at you. The splash of acid hits you!!
The acid corrodes you!
You hit the acid dragon but do no damage.
Your headbutt misses the acid dragon.
The acid dragon is almost dead.
The acid dragon bites you!
* * * LOW HITPOINT WARNING * * *
You block the acid dragon's attack.
You closely miss the acid dragon.
The acid dragon is almost dead.
The acid dragon spits acid at you. The splash of acid hits you!!
You die...

##### ###########
....##### #.........####
..#.....# #............#
..#.....# #...D@..?....#
P.#.....# #######......#
P.#.....# #......#
P.#.....# #......#
P.#.....##########......#
...?.............'......+
........##########......#
♣.......# #......#
♣.......# ########


You could see an acid dragon (catching breath).

Vanquished Creatures
  A two-headed ogre (D:7)
  A deep elf zephyrmancer (D:6)
  A hornet (D:7)
  2 wyverns
  4 steam dragons
  An acid dragon (D:7)
  2 water moccasins
  An orc warrior (D:8)
  5 ice beasts
  A black bear (D:4)
  3 ogres
  2 centaurs
  4 phantoms
  A kobold brigand (D:7)
  4 necrophages
  2 bullfrogs
  A gnoll sergeant (D:5)
  13 wights
  6 killer bees (D:8)
  A howler monkey (D:5)
  An orc priest (D:8)
  3 hounds
  2 jellies
  4 iguanas
  2 orc wizards
  4 adders
  6 gnolls
  A shadow imp (D:6)
  A white imp (D:5)
  An ufetubus (D:5)
  A worm (D:4)
  2 dart slugs
  27 orcs
  8 endoplasms
  5 giant cockroaches
  4 goblins
  11 hobgoblins
  8 jackals
  6 kobolds
  5 quokkas
  13 ball pythons
  4 bats
  3 frilled lizards
  6 rats
184 creatures vanquished.

Notes
Turn   | Place    | Note
-------+----------+-------------------------------------------
     0 | D:1      | Peloso the Minotaur Fighter began the quest for the Orb.
     0 | D:1      | Reached XP level 1. HP: 19/19 MP: 0/0
   187 | D:1      | Reached XP level 2. HP: 27/27 MP: 1/1
   419 | D:1      | Reached XP level 3. HP: 24/33 MP: 2/2
  1168 | D:2      | Found a faded altar of an unknown god.
  1188 | D:2      | Reached skill level 3 in Long Blades
  1189 | D:2      | Reached XP level 4. HP: 40/41 MP: 3/3
  1244 | D:2      | Reached skill level 1 in Dodging
  1685 | D:3      | Found a sacrificial altar of Ru.
  1897 | D:3      | Found a blossoming altar of Fedhas.
  2340 | D:4      | Noticed a necrophage
  2350 | D:3      | Killed a necrophage
  2351 | D:3      | Reached skill level 4 in Long Blades
  2351 | D:3      | Reached XP level 5. HP: 35/47 MP: 4/4
  2447 | D:4      | Noticed a black bear
  2457 | D:4      | Killed a black bear
  2458 | D:4      | Reached skill level 5 in Long Blades
  2458 | D:4      | Reached skill level 5 in Armour
  2458 | D:4      | Reached XP level 6. HP: 32/53 MP: 5/5
  2858 | D:4      | Reached skill level 5 in Fighting
  3029 | D:4      | Found a shimmering altar of Xom.
  3490 | D:4      | Found a sparkling altar of Nemelex Xobeh.
  4203 | D:5      | Entered Level 5 of the Dungeon
  4210 | D:5      | Reached XP level 7. HP: 50/61 MP: 6/6
  4300 | D:5      | Found a glowing golden altar of the Shining One.
  4651 | D:5      | Reached skill level 6 in Long Blades
  4892 | D:5      | Reached skill level 5 in Shields
  4898 | D:5      | HP: 2/62 [gnoll/+0 flail[a gnoll sergeant] (7)]
  5439 | D:5      | Reached XP level 8. HP: 58/70 MP: 7/7
  5457 | D:5      | Reached skill level 7 in Long Blades
  6086 | D:6      | Reached skill level 1 in Stealth
  6355 | D:6      | Found a shadowy altar of Dithmenos.
  7039 | D:6      | Reached skill level 8 in Long Blades
  7374 | D:6      | Noticed a deep elf zephyrmancer
  7385 | D:6      | Killed a deep elf zephyrmancer
  7386 | D:6      | Reached XP level 9. HP: 65/79 MP: 8/8
  7784 | D:7      | Noticed a two-headed ogre
  8132 | D:7      | Found a stormy altar of Qazlal.
  8196 | D:7      | Found a staircase to the Ecumenical Temple.
  8242 | Temple   | Entered the Ecumenical Temple
  8395 | Temple   | Became a worshipper of Warmaster Okawaru
  8425 | D:7      | Killed a two-headed ogre
  8426 | D:7      | Reached skill level 9 in Long Blades
  8772 | Temple   | Reached * piety under Okawaru
  9174 | D:7      | Reached skill level 10 in Long Blades
  9200 | D:7      | Reached skill level 10 in Armour
  9697 | D:8      | Reached XP level 10. HP: 88/88 MP: 9/9
  9891 | D:8      | Reached ** piety under Okawaru
  9914 | D:8      | Identified the +0 scale mail of the Valley of Death {rPois
                  | Str+3}
 10087 | D:8      | Found a transporter.
 10092 | D:8      | Found a transporter.
 10318 | D:8      | Found a transporter.
 10357 | D:8      | Found a transporter.
 10415 | D:8      | Reached skill level 11 in Long Blades
 11992 | D:9      | Killed from afar by an acid dragon

Illustrated notes

Levels and vault maps discovered:
D:1:      dpeg_arrival_tiny_g, layout_loops_ring, minmay_cut_off
D:2:      layout_rooms, ebering_ecumenical_altar_ruins
D:3:      layout_basic, mainiacjoe_overflow_surrounded_room,
          mainiacjoe_overflow_cross_hatched, chequers_serial_rivers_large_b,
          minmay_misc_feat_diagonals
D:4:      layout_layer_cave, overflow_temple_1_default,
          mainiacjoe_overflow_alcove_4, grunt_decor_clamped,
          minmay_misc_feat_doors, amcnicky_mini_corridor_feature
D:5:      layout_basic, tso_metal_star
D:6:      layout_layer_cave, nicolae_dithmenos_the_darkroom,
          kennysheep_big_empty_room, guppyfry_early_elven_hall
D:7:      layout_rooms, lemuel_crystal_altar, temple_green, kennysheep_dice
D:8:      layout_loops_cross, minmay_misc_feat_roman, grunt_ogre_cave,
          corexii_checkpoint_b, nicolae_transporter_circle
D:9:      layout_basic, gammafunk_temple_overflow_forgotten,
          mainiacjoe_overflow_boulevard, david_lair_generic, serial_shops,
          shop_fountains, uniq_maggie, uniq_maurice
Temple:   compressed_dpeg_triangle_lava_temple

Skill      XL: |  1  2  3  4  5  6  7  8  9 10 |
---------------+-------------------------------+-----
Shields        | 4 5 6 7 |  7.4
Fighting       | 4 5 6 7 8 |  8.8
Armour         | 4 5 7 8 10 | 10.6
Long Blades    | 3 4 5 6 8 10 11 | 11.3
Dodging        | 1 2 3 |  3.9
Stealth        | 1 |  1.7
Invocations    | |  0.9
Evocations     | |  0.2

Action                   |  1- 3 |  4- 6 |  7- 9 | 10-12 || total
-------------------------+-------+-------+-------+-------++-------
Melee: Long sword        |    90 |   141 |   301 |   161 ||   693
       Headbutt          |    16 |    22 |    66 |    33 ||   137
       Falchion          |       |       |       |     8 ||     8
Invok: Heroism           |       |       |     2 |    10 ||    12
Evoke: Wand              |       |       |     2 |       ||     2
  Use: Potion            |     4 |       |     8 |     1 ||    13
       Scroll            |     2 |    11 |     6 |     1 ||    20
Armor: Scale mail        |    56 |    72 |    15 |       ||   143
       Chain mail        |       |       |    97 |    59 ||   156
Dodge: Dodged            |    50 |    70 |   121 |   103 ||   344
Block: Buckler           |    23 |    40 |    92 |    54 ||   209
